 Dungeon Crawl Stone Soup version 0.24-a0-640-ge7cd8ce (webtiles) character file.

Game seed: 15014569550935774985, levelgen mode: deterministic

3020 smeego the Slasher (level 9, -5/75 HPs)
             Began as a Black Draconian Fighter on Sept 24, 2019.
             Was a Believer of the Shining One.
             Hit by a large rock thrown by a cyclops (32 damage)
             ... on level 8 of the Dungeon.
             The game lasted 00:14:53 (6360 turns).

smeego the Slasher (Black Draconian Fighter)        Turns: 6360, Time: 00:14:53

Health: -5/75      AC:  9    Str: 18    XL:     9   Next: 55%
Magic:  12/12      EV: 13    Int: 10    God:    the Shining One [**....]
Gold:   347        SH: 10    Dex: 15    Spells: 8/8 levels left

rFire    + . .     SeeInvis .   A - +3 falchion (freeze)
rCold    + . .     Gourm    .   b - +0 shield
rNeg     + + .     Faith    .   (armour unavailable)
rPois    .         Spirit   .   (helmet restricted)
rElec    +         Reflect  .   C - scarf {rC+ rF+}
rCorr    .         Harm     .   (no gloves)
MR       .....                  l - +1 pair of boots
Stlth    +.........             (no amulet)
HPRegen  0.22/turn              h - +2 ring of dexterity
MPRegen  0.13/turn              w - ring of positive energy

@: glowing
A: breathe lightning, unfitting armour, electricity resistance, cold-blooded, AC
+7
a: Breathe Lightning, Divine Shield, Renounce Religion


You were on level 8 of the Dungeon.
You worshipped the Shining One.
The Shining One was pleased with you.
You were not hungry.

You visited 2 branches of the dungeon, and saw 10 of its levels.

You collected 547 gold pieces.
You spent 200 gold pieces at shops.

Inventory:

Hand Weapons
 a - a +1 long sword
 j - a +2 dagger of venom
 p - a +6 scythe of slicing
 r - a +0 dagger
 A - a +3 falchion of freezing (weapon)
Missiles
 t - 65 bolts
Armour
 b - a +0 shield (worn)
 l - a +1 pair of boots (worn)
 y - a +0 large shield
 C - a scarf of resistance (worn)
Jewellery
 h - a +2 ring of dexterity (left hand)
 w - a ring of positive energy (right hand)
 x - an uncursed amulet of magic regeneration {unknown}
 F - an uncursed ring of wizardry
Wands
 g - a wand of disintegration (11)
 m - a wand of enslavement (8)
Scrolls
 e - a scroll of blinking
 i - 4 scrolls of teleportation {unknown}
 k - a scroll of fear {unknown}
 n - a scroll of magic mapping {unknown}
 o - a scroll of noise {unknown}
 u - a scroll of fog
 v - 2 scrolls of remove curse
 z - a scroll of enchant weapon
 B - a scroll of enchant armour
 H - a scroll of identify
Potions
 c - 3 potions of might
 f - a potion of magic {unknown}
 q - a potion of mutation {unknown}
 s - 3 potions of brilliance
 G - a potion of haste {unknown}
Comestibles
 d - 13 rations
 D - 2 chunks of flesh


   Skills:
 + Level 6.0 Fighting
 * Level 6.8 Long Blades
 + Level 5.0 Dodging
 + Level 4.4 Stealth
 + Level 5.5 Shields
 + Level 4.3 Unarmed Combat
 + Level 2.7 Invocations
 + Level 4.1 Evocations


You had 8 spell levels left.
You didn't know any spells.
Your spell library contained the following spells:

 Spells                   Type           Power        Failure   Level  Hunger
 Confusing Touch          Hex            #.....       78%         1    ##.....
 Magic Dart               Conj           #...         78%         1    ##.....
 Blink                    Tloc           N/A          89%         2    ###....
 Call Imp                 Summ           #.......     89%         2    ###....
 Slow                     Hex            #.......     89%         2    ###....
 Confuse                  Hex            #.......     98%         3    ####...
 Conjure Flame            Conj/Fire      #.......     98%         3    ####...
 Gell's Gravitas          Tloc           #.........   98%         3    ####...
 Mephitic Cloud           Conj/Pois/Air  #.......     98%         3    ####...
 Petrify                  Tmut/Erth      #.......     100%        4    #####..
 Metabolic Englaciation   Hex/Ice        #.........   100%        5    ######.
 Yara's Violent Unravell  Hex/Tmut       #.........   100%        5    ######.


Dungeon Overview and Level Annotations

Branches:
Dungeon (9/15)             Temple (1/1) D:6             Orc (0/2) D:9
   Lair: D:8-11

Altars:
Ashenzari
Cheibriados
Dithmenos
Elyvilon
Fedhas
Gozag
Hepliaklqana
Kikubaaqudgha
Makhleb
Nemelex Xobeh
Okawaru
Qazlal
Ru
Sif Muna
Trog
Uskayaw
Vehumet
Wu Jian
Xom
Yredelemnul
Zin
The Shining One

Shops:
D:3 *   D:8 [

Annotations:
D:4 3 runed translucent doors, CanOfBees's ghost, amateur OpFi; dragnorr's ghost, amateur DrCj
D:7 2 transporters, DocEon's ghost, novice HOMo


Innate Abilities, Weirdness & Mutations

You can breathe wild blasts of lightning.
Your glossy black scales are hard. (AC +7)
You cannot fit into any form of body armour.
You are resistant to electric shocks. (rElec)
You are cold-blooded and may be slowed by cold attacks.


Message History

Your white imp closely misses something.
Something hits your white imp. Something hits your white imp.
Something hits your white imp but does no damage.
Your white imp misses something.
Something hits your white imp.
Something hits your white imp but does no damage. x2
Something closely misses your white imp.
Something misses your white imp.
Your white imp completely misses something.
Something hits your white imp.
Your white imp dies!
You see here a club.
There is a stone staircase leading up here.
You climb upwards.
There is a stone staircase leading down here.
You start resting.
Eating one of 3 chunks of flesh.
You eat one of the 3 chunks of flesh.
This raw flesh tastes terrible.
The cyclops is too close now for your liking.
The cyclops throws a large rock.
The large rock hits you!!
You die...

...........#.....##.###
...........##.........##
⌠.⌠..[......####.##....#
.∩..####..C.#.....##..##
⌠.⌠..#...........##...##
...##............#.....##
.................>..(#..##
.........................#
.....##.#.......@.^..>...##
.##.....#.................#
.##....(#........(........#
.#......###.#....(#..#....#
.###......###..##.##.##..##
.....#.....##.###........#
##.........##..#.........#
#.................##..#..#
..............#...#####.##


You could see a cyclops.

Vanquished Creatures
  Sigmund (D:3)
  A hungry ghost (D:8)
  4 orc warriors (D:9)
  A black bear (D:7)
  2 ogres (D:8)
  A sky beast (D:6)
  2 phantoms
  2 centaurs (D:8)
  2 bullfrogs
  A water moccasin zombie (D:9)
  2 scorpions
  A howler monkey (D:4)
  2 crimson imps
  5 orc priests
  6 hounds
  A jelly (D:6)
  A bullfrog skeleton (D:4)
  5 orc wizards
  4 iguanas
  8 worker ants
  2 hound zombies
  A hound skeleton (D:6)
  A worker ant zombie (D:8)
  A gnoll (D:1)
  9 adders
  2 shadow imps (D:6)
  An adder zombie (D:8)
  6 adder skeletons
  3 worms
  A dart slug (D:1)
  3 leopard geckos
  32 orcs
  5 bat zombies (D:4)
  8 giant cockroaches
  7 goblins
  5 hobgoblins
  19 jackals
  2 quokkas
  A ball python (D:3)
  6 bats
  A frilled lizard (D:3)
  A jackal skeleton (D:4)
  6 kobolds
  A leopard gecko zombie (D:6)
  2 rats (D:3)
  A rat zombie (D:4)
179 creatures vanquished.

Vanquished Creatures (others)
  A yak (D:9)
  A white imp (D:9)
  6 plants (D:7)
  4 withered plants (D:4)
12 creatures vanquished.

Grand Total: 191 creatures vanquished

Notes
Turn   | Place    | Note
-------+----------+-------------------------------------------
     0 | D:1      | smeego the Draconian Fighter began the quest for the Orb.
     0 | D:1      | Reached XP level 1. HP: 19/19 MP: 1/1
   106 | D:1      | Reached XP level 2. HP: 20/26 MP: 2/2
   251 | D:1      | Reached XP level 3. HP: 20/31 MP: 3/3
   855 | D:2      | Found a hide-covered altar of Uskayaw.
  1055 | D:2      | Found a stormy altar of Qazlal.
  1099 | D:2      | Reached skill level 1 in Stealth
  1738 | D:3      | Reached skill level 1 in Unarmed Combat
  1848 | D:3      | Found an opulent altar of Gozag.
  1851 | D:3      | Found Gozag's Platinum Reserve.
  1890 | D:3      | Noticed Sigmund
  1895 | D:3      | Killed Sigmund
  1895 | D:3      | Reached skill level 1 in Evocations
  1895 | D:3      | Reached XP level 4. HP: 13/40 MP: 4/4
  1895 | D:3      | Reached XP level 5. HP: 15/46 MP: 5/5
  2493 | D:4      | Reached XP level 6. HP: 42/52 MP: 5/7
  2645 | D:4      | Found an ancient bone altar of Kikubaaqudgha.
  2761 | D:4      | Found a runed translucent gate.
  2761 | D:4      | Found a runed translucent gate.
  2761 | D:4      | Found a runed translucent gate.
  2762 | D:4      | Noticed CanOfBees's ghost (amateur OpFi)
  2768 | D:4      | Noticed dragnorr's ghost (amateur DrCj)
  3083 | D:4      | Your scales start taking on a glossy black colour.
  3083 | D:4      | Reached XP level 7. HP: 40/60 MP: 8/8
  3083 | D:4      | Gained mutation: You are resistant to electric shocks.
                  | (rElec) [Black Draconian growth]
  3125 | D:5      | Entered Level 5 of the Dungeon
  3888 | D:6      | Reached skill level 5 in Long Blades
  3984 | D:6      | Found a staircase to the Ecumenical Temple.
  3995 | Temple   | Entered the Ecumenical Temple
  4033 | Temple   | Became a worshipper of the Shining One
  4092 | D:6      | Reached XP level 8. HP: 58/67 MP: 9/9
  4127 | D:6      | Reached skill level 5 in Fighting
  4174 | D:6      | HP: 2/68 [scorpion (5)]
  4333 | D:5      | Found a shadowy altar of Dithmenos.
  4649 | D:6      | Found a shimmering altar of Xom.
  4663 | D:6      | Found a blossoming altar of Fedhas.
  5154 | D:7      | Noticed DocEon's ghost (novice HOMo)
  5165 | D:7      | Found a transporter.
  5277 | D:7      | Reached skill level 1 in Invocations
  5291 | D:7      | Found a transporter.
  5345 | D:7      | Found a sparkling altar of Nemelex Xobeh.
  5364 | D:7      | Identified the amulet of Eschoocu {Harm *Drain +Inv rC+
                  | MP+9 Int-4}
  5375 | D:7      | Identified the ring "Kaysm" {rElec rC+ rN++ Int+7}
  5595 | D:8      | Found Ykofec's Antique Armour Boutique.
  5611 | D:8      | Reached * piety under the Shining One
  5654 | D:8      | Bought a glowing scarf for 200 gold pieces
  5693 | D:8      | Reached skill level 5 in Shields
  5857 | D:8      | Reached XP level 9. HP: 74/74 MP: 11/11
  6102 | D:8      | Noticed a cyclops
  6220 | D:9      | Found a staircase to the Orcish Mines.
  6325 | D:9      | Reached ** piety under the Shining One
  6331 | D:9      | Reached skill level 5 in Dodging
  6360 | D:8      | Hit by a large rock thrown by a cyclops

Levels and vault maps discovered:
D:1:      kennysheep_arrival_seaside, layout_basic
D:2:      layout_basic, lemuel_crystal_altar, lemuel_doored_altar
D:3:      layout_basic, first_ration, serial_forest, infiniplex_forest_zigzag_2,
          infiniplex_forest_clump_C, infiniplex_forest_end_1,
          infiniplex_forest_clump_cross, infiniplex_forest_pool,
          nicolae_gozag_zags_fifth_avenue, uniq_sigmund
D:4:      layout_cave_pools, lemuel_zombie_altar_kikubaaqudgha,
          gammafunk_ghost_cemetery, hangedman_feature_mirror,
          kennysheep_big_empty_room, kennysheep_generic_room_2
D:5:      layout_rooms, basic_altar
D:6:      layout_rooms, nicolae_overflow_crystal_walls, lemuel_crystal_altar,
          temple_green
D:7:      layout_loops_ring, nicolae_overflow_hidden_temple,
          gammafunk_ghost_gnarly_gnolls
D:8:      cheibrodos_barr_body, layout_cave_pools, serial_shops, shop_fountains
D:9:      layout_gridville, lair_entry_dummy, david_orc_4, serial_ice,
          serial_ice_d, serial_ice_o, serial_ice_m, serial_ice_i,
          uniq_gastronok, uniq_erica, uniq_erolcha
Temple:   compressed_dpeg_circular_temple

Skill      XL: |  1  2  3  4  5  6  7  8  9 |
---------------+----------------------------+-----
Stealth        | 1 2 3 4 |  4.4
Unarmed Combat | 1 2 3 4 |  4.3
Fighting       | 4 5 6 |  6.0
Long Blades    | 3 4 5 6 |  6.8
Dodging        | 3 4 5 |  5.0
Evocations     | 1 2 3 4 |  4.1
Shields        | 4 5 |  5.5
Invocations    | 1 2 |  2.7

Action                   |  1- 3 |  4- 6 |  7- 9 || total
-------------------------+-------+-------+-------++-------
Melee: Long sword        |   107 |   136 |   414 ||   657
       Tailslap          |    12 |    17 |    72 ||   101
       Falchion          |       |       |    20 ||    20
 Abil: Breathe Lightning |       |       |     8 ||     8
Evoke: Wand              |     1 |     1 |     9 ||    11
  Use: Scroll            |       |     5 |     3 ||     8
       Potion            |       |       |    10 ||    10
 Stab: Sleeping          |     2 |     5 |     1 ||     8
  Eat: Chunk             |     3 |     4 |    14 ||    21
       Ration            |       |       |     1 ||     1
Armor: Skin              |    37 |    43 |   130 ||   210
Dodge: Dodged            |    42 |    88 |   196 ||   326
Block: Shield            |    56 |   107 |   242 ||   405
       Rpst.: Long sword |    11 |    26 |    60 ||    97
       Falchion          |       |       |     2 ||     2

Table legend:
 A = Non-vault XP
 B = Vault XP
 C = Vault XP percentage of total XP
 D = Non-vault monster count
 E = Vault monster count
 F = Vault count percentage of total count
                 A         B        C        D         E       F
            +---------+---------+-------+---------+---------+-------
      Total |    2906 |    1409 |  32.7 |     153 |      27 |  15.0
            +---------+---------+-------+---------+---------+-------
        D:1 |      47 |       0 |   0.0 |      18 |       0 |   0.0
        D:2 |      25 |       0 |   0.0 |      11 |       0 |   0.0
        D:3 |      55 |     231 |  80.8 |      22 |       1 |   4.3
        D:4 |     404 |      51 |  11.2 |      25 |       7 |  21.9
        D:5 |     469 |       0 |   0.0 |      20 |       0 |   0.0
        D:6 |     770 |       0 |   0.0 |      31 |       0 |   0.0
        D:7 |     273 |       0 |   0.0 |      10 |       0 |   0.0
        D:8 |     674 |     226 |  25.1 |      13 |       2 |  13.3
        D:9 |     189 |     901 |  82.7 |       3 |      17 |  85.0
            +---------+---------+-------+---------+---------+-------
